 Dungeon Crawl Stone Soup version 0.25.0-9-g26727b6 (webtiles) character file.

Game seed: 14661492446872039706

625 shmeve the Skirmisher (level 7, -10/56 HPs)
             Began as a Formicid Berserker on June 21, 2020.
             Was a Priest of Trog.
             Mangled by an ogre
             ... wielding a +0 giant spiked club
              (13 damage)
             ... on level 4 of the Dungeon.
             The game lasted 00:10:00 (3788 turns).

shmeve the Skirmisher (Formicid Berserker)          Turns: 3788, Time: 00:10:02

Health: -10/56     AC: 10    Str: 24    XL:     7   Next: 76%
Magic:  7/7        EV:  9    Int:  6    God:    Trog [***...]
Gold:   188        SH:  0    Dex: 10    Spells: 6/6 levels left

rFire    . . .     SeeInvis +   a - +0 hand axe
rCold    . . .     Gourm    .   (no shield)
rNeg     . . .     Faith    .   e - +0 chain mail
rPois    .         Spirit   .   (helmet unavailable)
rElec    .         Reflect  .   (no cloak)
rCorr    .         Harm     .   l - +0 pair of gloves
MR       ++...                  (no boots)
Stlth    ..........             f - amulet of regeneration
HPRegen  1.58/turn              (no ring)
MPRegen  0.10/turn              (no ring)

@: mighty, regenerating (expiring)
A: permanent stasis, dig shafts and tunnels, four strong arms, antennae 3
a: Dig, Shaft Self, Trog's Hand, Renounce Religion


You were on level 4 of the Dungeon.
You worshipped Trog.
Trog was most pleased with you.
You were not hungry.

You visited 1 branch of the dungeon, and saw 4 of its levels.
You also visited: Sewer.

You collected 188 gold pieces.

Inventory:

Hand Weapons
 a - a +0 hand axe (weapon)
Missiles
 d - 9 boomerangs (quivered)
 m - 8 javelins
Armour
 e - a +0 chain mail (worn)
 l - a +0 pair of gloves (worn)
Jewellery
 f - an amulet of regeneration (around neck)
 p - an uncursed ring of ice {unknown}
 q - a +6 ring of dexterity {unknown}
Scrolls
 b - a scroll of enchant weapon {unknown}
 g - 4 scrolls of identify {unknown}
 h - 4 scrolls of remove curse {unknown}
 i - a scroll of magic mapping {unknown}
 o - 2 scrolls of random uselessness {unknown}
 r - a scroll of teleportation {unknown}
Comestibles
 c - 8 rations


   Skills:
 * Level 5.4 Fighting
 * Level 4.8 Axes
 + Level 2.3 Throwing
 + Level 3.6 Armour
 * Level 4.0 Dodging


You had 6 spell levels left.
You didn't know any spells.
Your spell library was empty.

Dungeon Overview and Level Annotations

Branches:
Dungeon (4/15)              Sewer (visited)
 Temple: D:4-7

Altars:
Dithmenos
Fedhas
Nemelex Xobeh
Okawaru
Vehumet


Innate Abilities, Weirdness & Mutations

You cannot be hasted, slowed, berserked, paralysed or teleported.
You can dig through walls and to a lower floor.
Your four strong arms can wield two-handed weapons with a shield.
You have a pair of large antennae on your head. (SInv)


Message History

The hound closely misses you. The hound bites you but does no damage.
The ogre hits you with a +0 giant spiked club!
* * * LOW HITPOINT WARNING * * *
You hit the ogre.
The ogre is moderately wounded.
You closely miss the hound. The hound bites you but does no damage.
You barely miss the ogre.
The ogre is moderately wounded.
You closely miss the hound. The hound bites you but does no damage.
The ogre closely misses you. The hound bites you.
* * * LOW HITPOINT WARNING * * *
Unknown command.
You hit the ogre.
The ogre is heavily wounded.
You slash the hound!
You kill the hound!
Trog accepts your kill.
Your Dodging skill increases to level 4!
The ogre hits you with a +0 giant spiked club!
You die...

####...... ........##
.######.## ### #....##
..# ##.#..## . #.####.#
#......< ...
.....########..#.##.
.#...##..##....##.......
.....%)@.......##.#.....
......†.O............>##
.....)................#
.....................##
...).................#
..†..................#
.....>...............#
......................#
..................##


You could see an ogre.

Vanquished Creatures
  Purgy (Sewer)
  The ghost of Terrapin the Ducker, an amateur DsGl (D:3)
  A hound (D:4)
  An orc priest (D:3)
  2 orc wizards (D:3)
  Terence (D:2)
  2 worker ants (D:4)
  A hound skeleton (D:4)
  Robin (D:3)
  3 gnolls (D:3)
  7 adders
  3 worms
  2 dart slugs
  2 leopard geckos
  16 orcs
  13 bats
  4 giant cockroaches
  20 goblins
  3 hobgoblins
  11 jackals
  A quokka (D:2)
  3 ball pythons (D:3)
  7 frilled lizards
  12 kobolds
  9 rats
127 creatures vanquished.

Vanquished Creatures (others)
  An ooze (D:3)
1 creature vanquished.

Grand Total: 128 creatures vanquished

Notes
Turn   | Place    | Note
-------+----------+-------------------------------------------
     0 | D:1      | shmeve the Formicid Berserker began the quest for the Orb.
     0 | D:1      | Reached XP level 1. HP: 18/18 MP: 1/1
   116 | D:1      | Reached XP level 2. HP: 24/24 MP: 2/2
   585 | D:1      | Reached XP level 3. HP: 29/29 MP: 3/3
  1164 | D:1      | Reached ** piety under Trog
  1455 | D:2      | Reached XP level 4. HP: 9/37 MP: 4/4
  1751 | D:2      | Found a shadowy altar of Dithmenos.
  2030 | D:2      | Found a sparkling altar of Nemelex Xobeh.
  2101 | D:2      | Reached skill level 1 in Throwing
  2250 | D:2      | Reached skill level 4 in Fighting
  2442 | D:2      | Noticed Terence
  2448 | D:2      | Reached XP level 5. HP: 29/42 MP: 5/5
  2460 | D:2      | Killed Terence
  2475 | D:2      | Found an iron altar of Okawaru.
  2518 | D:2      | Found a blossoming altar of Fedhas.
  2830 | D:3      | Noticed Terrapin's ghost (amateur DsGl)
  2850 | D:3      | Found a runed translucent door.
  2970 | D:3      | Reached XP level 6. HP: 46/49 MP: 6/6
  2991 | D:3      | Found a radiant altar of Vehumet.
  3047 | D:3      | Noticed Robin
  3076 | D:3      | Killed Robin
  3166 | D:3      | Reached *** piety under Trog
  3243 | D:3      | Found a glowing drain.
  3286 | Sewer    | Entered a sewer
  3351 | Sewer    | Noticed Purgy
  3361 | Sewer    | Killed Purgy
  3361 | Sewer    | Reached skill level 5 in Fighting
  3361 | Sewer    | Reached XP level 7. HP: 51/56 MP: 7/7
  3548 | D:3      | Killed Terrapin's ghost
  3785 | D:4      | HP: 2/56 [ogre/+0 giant spiked club (13)]
  3788 | D:4      | Mangled by an ogre

Illustrated notes

Levels and vault maps discovered:
D:1:      dpeg_chamrin_arrival_tetris, layout_loops_ring
D:2:      layout_basic, lemuel_doored_altar, nemelex_xobeh_ov_fountains_minmay,
          old_standard_altar, chequers_serial_rivers_small_a,
          chequers_serial_rivers_micro_c, okawaru_metal_pillars_3, uniq_terence
D:3:      layout_rooms, fiery_altar_vehumet, cheibrodos_sewer_entry_drain,
          hellmonk_ghost_happy_afterlife, uniq_robin
D:4:      layout_basic, kennysheep_slug_shrine, nicolae_overflow_crystal_walls,
          kiku_gazebo_pond_becter, first_ration, uniq_crazy_yiuf_cottage

Skill      XL: |  1  2  3  4  5  6  7 |
---------------+----------------------+-----
Dodging        | 2 3 4 |  4.0
Throwing       | 1 2 |  2.3
Fighting       | 4 5 |  5.4
Axes           | 4 |  4.8
Armour         | 3 |  3.6

Action                   |  1- 3 |  4- 6 |  7- 9 || total
-------------------------+-------+-------+-------++-------
Melee: Hand axe          |   103 |   251 |    69 ||   423
Throw: Boomerang         |       |     6 |    20 ||    26
Invok: Trog's Hand       |     1 |     5 |     2 ||     8
 Abil: Dig               |     1 |       |       ||     1
  Use: Potion            |       |     1 |     3 ||     4
  Eat: Chunk             |     1 |     6 |     2 ||     9
       Ration            |       |     1 |       ||     1
Armor: Animal skin       |    35 |    21 |       ||    56
       Chain mail        |       |   173 |    43 ||   216
Dodge: Dodged            |    88 |   194 |    51 ||   333
